 Dungeon Crawl Stone Soup version 0.27-a0-277-g024f7ef292 (webtiles) character file.

Game seed: 8835639974074885864

298 mobtown the Grave Robber (level 6, -1/32 HPs)
             Began as a Deep Elf Necromancer on Feb 5, 2021.
             Killed from afar by a white imp (7 damage)
             ... with a puff of frost
             ... summoned by Eustachio
             ... on level 4 of the Dungeon on Feb 6, 2021.
             The game lasted 00:15:47 (4822 turns).

mobtown the Grave Robber (Deep Elf Necromancer)     Turns: 4822, Time: 00:15:47

Health: -1/32      AC:  5    Str: 11    XL:     6   Next: 13%
Magic:  10/25      EV: 13    Int: 22    God:
Gold:   243        SH:  0    Dex: 15    Spells: 3/16 levels left

rFire    . . .     SeeInvis .   s - +0 dagger
rCold    . . .     Faith    .   (no shield)
rNeg     . . .     Spirit   .   a - +0 robe
rPois    .         Reflect  .   (no helmet)
rElec    .         Harm     .   (no cloak)
rCorr    .         Rampage  .   f - +2 pair of gloves
Will     .....                  (no boots)
Stlth    ++........             (no amulet)
HPRegen  0.10/turn              m - +6 ring of strength
MPRegen  0.19/turn              r - ring of magical power

@: about to teleport
A: no striking features
a: no special abilities


You were on level 4 of the Dungeon.
You visited 1 branch of the dungeon, and saw 4 of its levels.

You collected 243 gold pieces.

Inventory:

Hand Weapons
 s - a +0 dagger (weapon)
Missiles
 b - 18 arrows
 e - 115 stones
Armour
 a - a +0 robe (worn)
 f - a +2 pair of gloves (worn)
Jewellery
 m - a +6 ring of strength (left hand)
 r - a ring of magical power (right hand)
Wands
 u - a wand of charming (4)
Scrolls
 h - a scroll of enchant armour
 i - a scroll of teleportation
 n - a scroll of enchant weapon {unknown}
 o - a scroll of remove curse
 p - 2 scrolls of fear {unknown}
 q - a scroll of immolation {unknown}
Potions
 c - 4 potions of brilliance
 d - a potion of heal wounds
 g - a potion of might
 j - a potion of resistance {unknown}
 k - a potion of curing {unknown}
 l - a potion of attraction {unknown}
 t - 2 potions of mutation {unknown}


   Skills:
 + Level 0.1 Short Blades
 + Level 2.5 Dodging
 + Level 2.6 Stealth
 + Level 5.5 Spellcasting
 * Level 7.7 Necromancy


You had 3 spell levels left.
You knew the following spells:

 Your Spells              Type           Power        Failure   Level
a - Pain                  Necr           100%         1%          1
b - Vampiric Draining     Necr           19%          1%          3
c - Animate Skeleton      Necr           78%          1%          1
d - Corona                Hex            6%           10%         1
e - Confusing Touch       Hex            6%           28%         3
f - Animate Dead          Necr           19%          4%          4

Your spell library contained the following spells:

 Spells                   Type           Power        Failure   Level
 Ensorcelled Hibernation  Hex/Ice        12%          14%         2
 Dazzling Flash           Conj/Hex       12%          28%         3
 Tukima's Dance           Hex            6%           28%         3
 Agony                    Necr           39%          11%         5


Dungeon Overview and Level Annotations

Branches:
Dungeon (4/15)
 Temple: D:4-7

Altars:

Annotations:
D:4 Eustachio


Message History

You feel life coursing into your body. The ufetubus hits you.
The ufetubus barely misses you.
The gnoll hits you from afar with a +0 halberd!
* * * LOW HITPOINT WARNING * * *
The white imp hits you but does no damage.
Eustachio mumbles some strange words.
Casting: Vampiric Draining (safe; 1% risk of failure)
Confirm with . or Enter, or press ? or * to list all spells.
Aiming: Vampiric Draining (safe; 1% risk of failure)
Press: ? - help, Shift-Dir - straight line, f - gnoll
Aim: a gnoll, wielding a +0 flail The gnoll is almost dead.
You feel life coursing into your body. The ufetubus misses you.
The ufetubus barely misses you. x2; The ufetubus hits you.
The gnoll hits you with a +0 flail.
* * * LOW HITPOINT WARNING * * *
The gnoll barely misses you. The white imp gestures at you.
The puff of frost hits you!
You die...

########### .#.†.......
.#.###################
..†............5@5...#
.......##########g...r#
### .#.###.# gg.r..( ..
.....#.# b.@..## #.
.#.#.#.# .....# #.###
.#.#.#.# #....# .....#
#.... #.# #)# #....#
.....# #.... #.# ..#
#....# .....# #.... #.#
#....# #....


You could see Eustachio (corona), 3 gnolls, a river rat (summoned), a white imp
(summoned), an ufetubus (summoned), a bat (summoned) and a rat (summoned).

Vanquished Creatures
  A hound (D:3)
  Jessica (D:3)
  An iguana (D:4)
  A worker ant (D:3)
  A gnoll (D:4)
  7 adders
  An ooze (D:3)
  4 worms
  2 dart slugs (D:2)
  2 leopard geckos
  10 orcs (D:3)
  A giant cockroach (D:4)
  11 hobgoblins
  13 jackals
  7 kobolds
  2 ball pythons
  4 bats
  6 frilled lizards
  8 goblins
  7 rats
90 creatures vanquished.

Notes
Turn   | Place    | Note
-------+----------+-------------------------------------------
     0 | D:1      | mobtown the Deep Elf Necromancer began the quest for the
                  | Orb.
     0 | D:1      | Reached XP level 1. HP: 10/10 MP: 6/6
   155 | D:1      | Reached skill level 5 in Necromancy
   463 | D:1      | Reached XP level 2. HP: 14/15 MP: 6/8
  1403 | D:2      | Reached XP level 3. HP: 16/19 MP: 5/9
  1407 | D:2      | Learned a level 3 spell: Vampiric Draining
  1409 | D:2      | Learned a level 1 spell: Animate Skeleton
  1995 | D:2      | Reached skill level 6 in Necromancy
  2493 | D:2      | Reached XP level 4. HP: 20/24 MP: 8/12
  3149 | D:3      | Reached skill level 7 in Necromancy
  3149 | D:3      | Reached XP level 5. HP: 13/28 MP: 7/13
  4108 | D:3      | Noticed Jessica
  4113 | D:3      | Killed Jessica
  4114 | D:3      | Reached skill level 5 in Spellcasting
  4174 | D:3      | Learned a level 1 spell: Corona
  4178 | D:3      | Learned a level 3 spell: Confusing Touch
  4183 | D:3      | Learned a level 4 spell: Animate Dead
  4628 | D:4      | Reached XP level 6. HP: 26/32 MP: 16/16
  4812 | D:4      | Noticed Eustachio
  4822 | D:4      | Killed from afar by a white imp

Illustrated notes

Levels and vault maps discovered:
D:1:      onia_arrival_handbag, layout_basic
D:2:      minmay_angry_zag, layout_basic
D:3:      layout_basic, uniq_jessica
D:4:      minmay_chambers_of_twos, layout_basic, serial_shops, shop,
          uniq_duvessa, uniq_eustachio

Skill      XL: |  1  2  3  4  5 |
---------------+----------------+-----
Necromancy     | 5 6 7 |  7.7
Spellcasting   | 4 5 |  5.5
Short Blades   | |  0.1
Dodging        | |  2.5
Stealth        | |  2.6

Action                   |  1- 3 |  4- 6 || total
-------------------------+-------+-------++-------
Melee: Dagger            |     1 |    24 ||    25
 Cast: Pain              |    76 |    95 ||   171
       Vampiric Draining |       |     6 ||     6
       Corona            |       |     1 ||     1
  Use: Scroll            |       |     6 ||     6
       Potion            |       |     1 ||     1
 Stab: Sleeping          |     1 |     1 ||     2
Armor: Robe              |     4 |    21 ||    25
Dodge: Dodged            |     8 |    43 ||    51

Table legend: (Time is in decaauts)
 A = Elapsed time spent in this place.
 B = Non-inter-level travel time spent in this place.
 C = Inter-level travel time spent in this place.
 D = Time resting spent in this place.
 E = Time spent auto-exploring this place.
 F = Levels seen in this place.
 G = Mean time per level.
                   A        B        C        D        E       F      G
               +--------+--------+--------+--------+--------+-----+--------+
         Total |   4819 |   4819 |      0 |    949 |   3292 |   4 | 1204.8 |
       Dungeon |   4819 |   4819 |      0 |    949 |   3292 |   4 | 1204.8 |
               +--------+--------+--------+--------+--------+-----+--------+

Top non-repeatable levels by time:
     D:3: 1917 daAuts
     D:2: 1489 daAuts
     D:1: 1172 daAuts
     D:4: 239 daAuts
